 Dungeon Crawl Stone Soup version 0.24-a0-433-gbe6fa4f6cc (webtiles) character file.

Game seed: 17463267085266157269

1114 Gynju the Basher (level 8, -1/64 HPs)
             Began as a Minotaur Fighter on June 14, 2019.
             Slain by a slave (5 damage)
             ... led by Pikel
             ... on level 5 of the Dungeon.
             The game lasted 00:12:08 (4042 turns).

Gynju the Basher (Minotaur Fighter)                 Turns: 4042, Time: 00:12:09

Health: -1/64      AC: 13    Str: 22    XL:     8   Next: 12%
Magic:  7/7        EV:  5    Int:  5    God:
Gold:   283        SH:  9    Dex: 11    Spells: 7/7 levels left

rFire    . . .     SeeInvis .   m - +2 flail (protect)
rCold    . . .     Gourm    .   c - +0 shield
rNeg     . . .     Faith    .   n - +0 chain mail
rPois    .         Spirit   .   (helmet restricted)
rElec    .         Reflect  .   y - +0 cloak
rCorr    .         Harm     .   (no gloves)
MR       .....                  (no boots)
Stlth    ..........             (no amulet)
HPRegen  0.20/turn              (no ring)
MPRegen  0.10/turn              (no ring)

@: corroded, protection aura
A: retaliatory headbutt, horns 2
a: no special abilities


You were on level 5 of the Dungeon.
You were hungry.

You visited 1 branch of the dungeon, and saw 5 of its levels.
You also visited: Sewer and Ossuary.

You collected 283 gold pieces.

Inventory:

Hand Weapons
 m - a +2 flail of protection (weapon)
Missiles
 w - 4 javelins (quivered)
Armour
 c - a +0 shield (worn)
 n - a +0 chain mail (worn)
 y - a +0 cloak (worn)
Jewellery
 z - a +3 amulet of reflection {unknown}
Scrolls
 a - a scroll of blinking {unknown}
 b - 2 scrolls of teleportation {unknown}
 g - 3 scrolls of amnesia {unknown}
 h - 7 scrolls of identify
 i - 4 scrolls of remove curse {unknown}
 k - 3 scrolls of enchant weapon
 o - a scroll of enchant armour {unknown}
 p - 2 scrolls of random uselessness {unknown}
Potions
 d - 4 potions of might
 e - a potion of ambrosia
 j - 2 potions of haste
 l - a potion of invisibility {unknown}
 q - a potion of lignification
 r - 3 potions of heal wounds {unknown}
 s - a potion of brilliance {unknown}
 t - 2 potions of curing {unknown}
 u - a potion of magic {unknown}
 v - 2 potions of flight {unknown}
 x - a potion of berserk rage {unknown}
 A - a potion of resistance {unknown}
Comestibles
 f - 12 rations
 B - a chunk of flesh


   Skills:
 - Level 3.6 Fighting
 + Level 10.3 Maces & Flails
   Level 5.0 Polearms
 - Level 3.6 Armour
 - Level 3.6 Shields


You had 7 spell levels left.
You didn't know any spells.
Your spell library contained the following spells:

 Spells                   Type           Power        Failure   Level  Hunger
 Animate Skeleton         Necr           N/A          100%        1    ##.....
 Pain                     Necr           #...         100%        1    ##.....
 Regeneration             Chrm/Necr      #.........   100%        3    ####...
 Vampiric Draining        Necr           #.........   100%        3    ####...
 Animate Dead             Necr           N/A          100%        4    #####..


Dungeon Overview and Level Annotations

Branches:
Dungeon (5/15)
 Temple: D:4-7

Altars:
Kikubaaqudgha

Annotations:
D:3 1 runed translucent door
D:5 Pikel


Innate Abilities, Weirdness & Mutations

You reflexively headbutt those who attack you in melee.
You have a pair of horns on your head.


Message History

You headbutt the slave, but do no damage.
You thump Pikel! Your headbutt misses Pikel.
Pikel is severely wounded.
The slave hits you.
* * * LOW HITPOINT WARNING * * *
Pikel hits you with a +0 whip of electrocution.
* * * LOW HITPOINT WARNING * * *
You are electrocuted!
* * * LOW HITPOINT WARNING * * *
The slave hits you but does no damage. x2
You hit Pikel.
Pikel is almost dead.
Pikel hits you with a +0 whip of electrocution.
* * * LOW HITPOINT WARNING * * *
The slave hits you but does no damage. You block the slave's attack.
You hit Pikel but do no damage. You headbutt Pikel, but do no damage.
Pikel is almost dead.
You block Pikel's attack. The slave hits you but does no damage.
The slave hits you.
You die...

.........
.....)...#
#........#
#........#
#........#
#........#
+.K?.....#
#@p......#
##p###'## #p#...#
########p#.######
#.................
###.####.#.#######
#.# #.#.# #.#
#.#.# #.# #.#.#


You could see Pikel and 4 slaves.

Vanquished Creatures
  Sigmund (D:2)
  Purgy (Sewer)
  The ghost of Gynju the Skirmisher, an amateur MiFi (D:3)
  2 ice beasts (D:5)
  A phantom (D:3)
  A water moccasin zombie (Ossuary)
  A crimson imp (D:5)
  A hound (D:4)
  Terence (D:2)
  4 big kobold zombies (Ossuary)
  2 mummies (Ossuary)
  8 adders
  4 gnolls (D:5)
  A shadow imp (D:4)
  An ooze (D:3)
  4 adder zombies
  3 worms
  2 dart slugs
  4 leopard geckos
  9 orcs
  A ball python (D:4)
  5 giant cockroaches
  2 gnoll zombies (Ossuary)
  6 goblins
  6 hobgoblins
  7 jackals
  7 kobolds
  3 quokkas (D:2)
  12 bats
  3 frilled lizards
  A goblin zombie (D:4)
  5 hobgoblin zombies (Ossuary)
  4 kobold zombies (Ossuary)
  A leopard gecko skeleton (D:5)
  4 orc zombies (Ossuary)
  A quokka skeleton (D:5)
  7 rats
127 creatures vanquished.

Notes
Turn   | Place    | Note
-------+----------+-------------------------------------------
     0 | D:1      | Gynju the Minotaur Fighter began the quest for the Orb.
     0 | D:1      | Reached XP level 1. HP: 19/19 MP: 0/0
   168 | D:1      | Reached XP level 2. HP: 26/26 MP: 1/1
   628 | D:2      | Reached XP level 3. HP: 31/31 MP: 2/2
   656 | D:2      | Noticed Terence
   668 | D:2      | Killed Terence
   668 | D:2      | Reached skill level 5 in Polearms
   721 | D:2      | Reached XP level 4. HP: 22/39 MP: 3/3
   729 | D:2      | Reached skill level 1 in Maces & Flails
   924 | D:2      | Noticed Sigmund
   934 | D:2      | Killed Sigmund
   934 | D:2      | Reached skill level 5 in Maces & Flails
   934 | D:2      | Reached XP level 5. HP: 45/45 MP: 4/4
  1287 | D:3      | Reached XP level 6. HP: 47/51 MP: 5/5
  1815 | D:3      | Found a runed translucent door.
  1816 | D:3      | Noticed Gynju's ghost (amateur MiFi)
  1832 | D:3      | Killed Gynju's ghost
  1832 | D:3      | Reached skill level 6 in Maces & Flails
  1847 | D:3      | Found a runed translucent door.
  1891 | D:3      | Reached skill level 7 in Maces & Flails
  2583 | D:4      | Found a sand-covered staircase.
  2589 | Ossuary  | Entered an ossuary
  2618 | Ossuary  | Reached XP level 7. HP: 51/57 MP: 6/6
  2689 | Ossuary  | Reached skill level 8 in Maces & Flails
  2794 | D:4      | Found a glowing drain.
  2825 | Sewer    | Entered a sewer
  2861 | Sewer    | Noticed Purgy
  2873 | Sewer    | Killed Purgy
  2873 | Sewer    | Reached skill level 9 in Maces & Flails
  3044 | D:4      | Found an ancient bone altar of Kikubaaqudgha.
  3375 | D:5      | Entered Level 5 of the Dungeon
  3910 | D:5      | Reached skill level 10 in Maces & Flails
  3910 | D:5      | Reached XP level 8. HP: 56/64 MP: 7/7
  4031 | D:5      | Noticed Pikel
  4042 | D:5      | Slain by a slave

Levels and vault maps discovered:
D:1:      kilobyte_arrival_exit_the_forest, layout_basic,
          chequers_serial_rivers_micro_a
D:2:      layout_rooms, uniq_sigmund, uniq_terence
D:3:      layout_loops_corners, ebering_ghost_sewer_f,
          chequers_serial_rivers_small_3
D:4:      layout_loops_ring, kiku_gazebo_pond_becter,
          cheibrodos_sewer_entry_drain, enter_ossuary_3, first_ration
D:5:      layout_basic, minmay_temple_entry_antechambers, led_xom_imps,
          uniq_duvessa, uniq_pikel

Skill      XL: |  1  2  3  4  5  6  7 |
---------------+----------------------+-----
Polearms       | 3 4 5 |  5.0
Maces & Flails | 5 7 10 | 10.3
Fighting       | |  3.6
Armour         | |  3.6
Shields        | |  3.6

Action                   |  1- 3 |  4- 6 |  7- 9 || total
-------------------------+-------+-------+-------++-------
Melee: Trident           |    70 |       |       ||    70
       Headbutt          |    13 |    21 |    29 ||    63
       Flail             |    12 |   132 |   175 ||   319
  Use: Scroll            |       |     4 |       ||     4
       Potion            |       |     2 |       ||     2
  Eat: Chunk             |       |     6 |     4 ||    10
Armor: Scale mail        |    27 |       |       ||    27
       Chain mail        |    14 |    68 |   104 ||   186
Dodge: Dodged            |    19 |    21 |    39 ||    79
Block: Shield            |    37 |    63 |    81 ||   181

Table legend:
 A = Non-vault XP
 B = Vault XP
 C = Vault XP percentage of total XP
 D = Non-vault monster count
 E = Vault monster count
 F = Vault count percentage of total count
                 A         B        C        D         E       F
            +---------+---------+-------+---------+---------+-------
      Total |     769 |     823 |  51.7 |      85 |      42 |  33.1
            +---------+---------+-------+---------+---------+-------
        D:1 |      29 |       0 |   0.0 |      16 |       0 |   0.0
        D:2 |      60 |     259 |  81.2 |      23 |       2 |   8.0
        D:3 |     179 |     162 |  47.5 |      21 |       5 |  19.2
        D:4 |     109 |      10 |   8.4 |      12 |       4 |  25.0
        D:5 |     392 |       0 |   0.0 |      13 |       0 |   0.0
      Sewer |       0 |     145 | 100.0 |       0 |       6 | 100.0
    Ossuary |       0 |     247 | 100.0 |       0 |      25 | 100.0
            +---------+---------+-------+---------+---------+-------
